[ AOE2 MATCH · #480518991 ]
UnrankedSpanish vs Saracens
Player's team · LOSS
[ REPLAY ANALYSIS · EXTRACTED FROM THE RECORDED GAME ]
Feudal
—
Castle
—
Imperial
—
| APM avg | 28.9 |
| APM peak | 60 |
| eAPM avg | 2.7 |
| Villagers / military | 0 / 0 |
Focus
⚔️ 100.0% · 🌾 0.0%
Feudal
—
Castle
—
Imperial
—
| APM avg | 12.0 |
| APM peak | 36 |
| eAPM avg | 7.9 |
| Villagers / military | 0 / 337 |
Focus
⚔️ 96.5% · 🌾 3.5%
Camel Scout ×281 · Archer ×56
Feudal
—
Castle
—
Imperial
—
| APM avg | 13.7 |
| APM peak | 29 |
| eAPM avg | 10.0 |
| Villagers / military | 0 / 279 |
Focus
⚔️ 93.5% · 🌾 6.5%
Knight ×115 · Archer ×94 · Battle Elephant ×70
Feudal
—
Castle
—
Imperial
—
| APM avg | 18.6 |
| APM peak | 49 |
| eAPM avg | 5.7 |
| Villagers / military | 0 / 95 |
Focus
⚔️ 96.7% · 🌾 3.3%
Scout Cavalry ×95
Feudal
—
Castle
—
Imperial
—
| APM avg | 30.8 |
| APM peak | 61 |
| eAPM avg | 13.5 |
| Villagers / military | 0 / 438 |
Focus
⚔️ 79.0% · 🌾 21.0%
Knight ×269 · Elite Huskarl ×169
Feudal
—
Castle
—
Imperial
—
| APM avg | 12.4 |
| APM peak | 50 |
| eAPM avg | 4.4 |
| Villagers / military | 0 / 0 |
Focus
⚔️ 88.2% · 🌾 11.8%
Feudal
—
Castle
—
Imperial
—
| APM avg | 36.4 |
| APM peak | 100 |
| eAPM avg | 28.7 |
| Villagers / military | 0 / 515 |
Focus
⚔️ 92.1% · 🌾 7.9%
Knight ×410 · Archer ×59 · Genitour ×45 · Skirmisher ×1
Feudal
—
Castle
—
Imperial
—
| APM avg | 23.3 |
| APM peak | 67 |
| eAPM avg | 2.2 |
| Villagers / military | 0 / 0 |
Focus
⚔️ 81.2% · 🌾 18.8%
Match map
Initial resources + every placement click. Lines = walls · curves = elevation contours. ◆ gold · ⬟ stone · ● berries · ✦ relic · ◌ wall gap
Your base· Open
SUP3R13EA5T's base· Open
yersonrodriguezcdrn's base· Open
Stoffel's base· ✓ Map-separated
SuperTed's base· Open
jxst_flxsh38's base· ✓ Map-separated
aqif's base· Open
OvalDevotee116's base· Open
Smoothed initial terrain · ◌ = detected wall gap · hover for details
Inputs per minute
— Manu - - SUP3R13EA5T
Build order — Manu
8 actions detected in the replay
| 15:50 | Research | Inquisition |
| 15:57 | Research | Bodkin Arrow |
| 15:58 | Research | Chain Barding Armor |
| 15:59 | Research | Leather Archer Armor |
| 16:00 | Research | Iron Casting |
| 16:01 | Research | Chain Mail Armor |
| 16:06 | Research | Ballistics |
| 16:06 | Research | Guard Tower (upgrade) |
Build order — SUP3R13EA5T
103 actions detected in the replay
| 10:14 | Build | Stable |
| 10:17 | Build | Stable |
| 10:44 | Build | Archery Range |
| 10:46 | Build | Archery Range |
| 10:51 | Build | Barracks |
| 11:06 | Build | Stable |
| 11:08 | Build | Stable |
| 11:11 | Build | Stable |
| 11:21 | Build | Stable |
| 11:23 | Build | Stable |
| 11:25 | Build | Stable |
| 11:29 | Build | Stable |
| 11:34 | Build | Stable |
| 11:37 | Build | Stable |
| 11:45 | Research | Bloodlines |
| 16:36 | Build | Archery Range |
| 16:38 | Build | Archery Range |
| 16:40 | Build | Archery Range |
| 17:29 | Research | Husbandry |
| 17:31 | Create | Camel Scout ×5 |
| 17:31 | Create | Camel Scout ×5 |
| 17:31 | Create | Camel Scout ×5 |
| 17:32 | Create | Camel Scout ×5 |
| 17:32 | Create | Camel Scout ×5 |
| 17:32 | Create | Camel Scout ×5 |
| 17:32 | Create | Camel Scout ×5 |
| 17:33 | Create | Camel Scout ×5 |
| 17:33 | Create | Camel Scout ×5 |
| 17:33 | Create | Camel Scout ×5 |
| 17:34 | Create | Camel Scout ×5 |
| 17:34 | Create | Camel Scout ×5 |
| 17:34 | Create | Camel Scout ×5 |
| 17:35 | Create | Camel Scout ×5 |
| 17:35 | Create | Camel Scout ×5 |
| 17:36 | Create | Camel Scout ×5 |
| 17:36 | Create | Camel Scout ×5 |
| 17:36 | Create | Camel Scout ×5 |
| 17:37 | Create | Camel Scout ×5 |
| 17:37 | Create | Camel Scout ×5 |
| 17:37 | Create | Camel Scout ×5 |
| 17:38 | Create | Camel Scout ×5 |
| 17:38 | Create | Camel Scout ×5 |
| 17:39 | Create | Camel Scout ×5 |
| 17:39 | Create | Camel Scout ×5 |
| 17:39 | Create | Camel Scout ×5 |
| 17:40 | Create | Camel Scout ×5 |
| 17:40 | Create | Camel Scout ×4 |
| 17:56 | Research | Thumb Ring |
| 17:56 | Research | Crossbowman (upgrade) |
| 17:57 | Research | Elite Skirmisher (upgrade) |
| 18:05 | Create | Archer ×5 |
| 18:05 | Create | Archer ×5 |
| 18:06 | Create | Archer ×5 |
| 18:06 | Create | Archer ×5 |
| 18:07 | Create | Archer ×5 |
| 18:08 | Create | Archer ×2 |
| 19:43 | Create | Camel Scout ×5 |
| 19:44 | Create | Camel Scout ×5 |
| 19:44 | Create | Camel Scout ×5 |
| 19:44 | Create | Camel Scout ×5 |
| 19:45 | Create | Camel Scout ×5 |
| 19:45 | Create | Camel Scout ×5 |
| 19:45 | Create | Camel Scout ×5 |
| 19:46 | Create | Camel Scout ×5 |
| 19:46 | Create | Camel Scout ×5 |
| 19:46 | Create | Camel Scout ×5 |
| 20:33 | Create | Archer ×5 |
| 20:34 | Create | Archer ×5 |
| 20:34 | Create | Archer ×5 |
| 20:34 | Create | Archer ×5 |
| 20:34 | Create | Archer ×5 |
| 20:35 | Create | Archer ×4 |
| 21:26 | Research | Iron Casting |
| 21:27 | Research | Chain Mail Armor |
| 21:28 | Research | Chain Barding Armor |
| 21:28 | Research | Leather Archer Armor |
| 21:29 | Research | Bodkin Arrow |
| 21:32 | Research | Ballistics |
| 21:32 | Research | Treadmill Crane |
| 21:33 | Research | Guard Tower (upgrade) |
| 21:35 | Research | Tech 909 |
| 21:36 | Research | Tech 908 |
| 21:37 | Research | Careening |
| 21:37 | Research | Careening |
| 21:44 | Create | Camel Scout ×5 |
| 21:44 | Create | Camel Scout ×5 |
| 21:45 | Create | Camel Scout ×5 |
| 21:45 | Create | Camel Scout ×5 |
| 21:45 | Create | Camel Scout ×5 |
| 21:46 | Create | Camel Scout ×5 |
| 21:46 | Create | Camel Scout ×5 |
| 21:46 | Create | Camel Scout ×5 |
| 21:47 | Create | Camel Scout ×5 |
| 21:47 | Create | Camel Scout ×5 |
| 21:47 | Create | Camel Scout ×5 |
| 21:48 | Create | Camel Scout ×5 |
| 21:48 | Create | Camel Scout ×5 |
| 21:49 | Create | Camel Scout ×5 |
| 21:49 | Create | Camel Scout ×5 |
| 21:49 | Create | Camel Scout ×5 |
| 21:49 | Create | Camel Scout ×5 |
| 21:50 | Create | Camel Scout ×3 |
| 21:50 | Create | Camel Scout ×4 |
Build order — yersonrodriguezcdrn
133 actions detected in the replay
| 5:25 | Build | Stable |
| 5:26 | Build | Stable |
| 5:29 | Build | Stable |
| 5:30 | Build | Stable |
| 5:33 | Build | Stable |
| 5:35 | Build | Stable |
| 5:36 | Build | Stable |
| 5:38 | Build | Stable |
| 5:39 | Build | Stable |
| 5:41 | Build | Stable |
| 5:42 | Build | Stable |
| 5:43 | Build | Stable |
| 5:48 | Build | Archery Range |
| 5:50 | Build | Archery Range |
| 5:51 | Build | Archery Range |
| 5:53 | Build | Archery Range |
| 5:57 | Build | Stone Wall |
| 5:58 | Build | Stone Wall |
| 5:59 | Build | Stone Wall |
| 6:01 | Build | Stone Wall |
| 6:02 | Build | Stone Wall |
| 6:03 | Build | Stone Wall |
| 6:04 | Build | Stone Wall |
| 6:05 | Build | Stone Wall |
| 6:07 | Build | Stone Wall |
| 6:51 | Research | Bloodlines |
| 11:29 | Research | Bodkin Arrow |
| 11:29 | Research | Leather Archer Armor |
| 11:30 | Research | Iron Casting |
| 11:31 | Research | Chain Barding Armor |
| 11:34 | Research | Treadmill Crane |
| 11:35 | Research | Ballistics |
| 11:36 | Research | Guard Tower (upgrade) |
| 11:42 | Research | Husbandry |
| 11:50 | Research | Chatras |
| 11:57 | Research | Chain Mail Armor |
| 12:00 | Research | Careening |
| 12:01 | Research | Tech 908 |
| 13:57 | Research | Light Cavalry (upgrade) |
| 15:02 | Research | Thumb Ring |
| 17:54 | Build | Watch Tower |
| 17:55 | Build | Watch Tower |
| 17:59 | Build | Watch Tower |
| 17:59 | Build | Watch Tower |
| 19:14 | Research | Elite Battle Elephant (upgrade) |
| 19:18 | Research | Cavalier (upgrade) |
| 19:22 | Research | Plate Barding Armor |
| 19:23 | Research | Bracer |
| 19:26 | Research | Chemistry |
| 19:27 | Research | Siege Engineers |
| 19:27 | Research | Keep (upgrade) |
| 19:28 | Research | Arrowslits |
| 19:29 | Research | Dry Dock |
| 19:29 | Research | Tech 907 |
| 19:32 | Research | Tech 621 |
| 19:33 | Research | Spies/Treason |
| 19:34 | Research | Paper Money |
| 19:34 | Research | Sappers |
| 19:39 | Create | Battle Elephant ×5 |
| 19:40 | Create | Battle Elephant ×5 |
| 19:40 | Create | Battle Elephant ×5 |
| 19:40 | Create | Battle Elephant ×5 |
| 19:41 | Create | Battle Elephant ×5 |
| 19:45 | Research | Ring Archer Armor |
| 19:46 | Research | Plate Mail Armor |
| 19:50 | Research | Crossbowman (upgrade) |
| 20:35 | Create | Battle Elephant ×5 |
| 20:36 | Create | Battle Elephant ×5 |
| 20:36 | Create | Battle Elephant ×5 |
| 20:36 | Create | Battle Elephant ×5 |
| 20:37 | Create | Battle Elephant ×5 |
| 20:37 | Create | Battle Elephant ×5 |
| 20:37 | Create | Battle Elephant ×5 |
| 20:37 | Create | Battle Elephant ×5 |
| 20:38 | Create | Battle Elephant ×5 |
| 20:43 | Research | Arbalester (upgrade) |
| 20:44 | Create | Archer ×5 |
| 20:44 | Create | Archer ×5 |
| 20:44 | Create | Archer ×5 |
| 20:45 | Create | Archer ×5 |
| 20:45 | Create | Archer ×5 |
| 20:45 | Create | Archer ×5 |
| 20:46 | Create | Archer ×5 |
| 20:46 | Create | Archer ×5 |
| 21:48 | Create | Archer ×5 |
| 21:49 | Create | Archer ×5 |
| 21:49 | Create | Archer ×5 |
| 21:50 | Create | Knight ×5 |
| 21:51 | Create | Knight ×5 |
| 21:51 | Create | Knight ×5 |
| 21:51 | Create | Knight ×5 |
| 21:52 | Create | Knight ×5 |
| 21:52 | Create | Knight ×5 |
| 21:52 | Create | Knight ×5 |
| 21:52 | Create | Knight ×5 |
| 21:53 | Create | Knight ×5 |
| 21:53 | Create | Knight ×5 |
| 21:53 | Create | Knight ×5 |
| 22:40 | Create | Knight ×5 |
| 22:40 | Create | Knight ×5 |
| 22:40 | Create | Knight ×5 |
| 22:43 | Create | Archer ×5 |
| 22:44 | Create | Archer ×5 |
| 22:44 | Create | Archer ×5 |
| 22:44 | Create | Archer ×5 |
| 22:45 | Create | Archer ×5 |
| 22:45 | Create | Archer ×4 |
| 23:11 | Create | Knight ×5 |
| 23:11 | Create | Knight ×5 |
| 23:12 | Create | Knight ×5 |
| 23:19 | Build | Archery Range |
| 23:20 | Build | Archery Range |
| 23:21 | Build | Archery Range |
| 23:21 | Build | Archery Range |
| 23:22 | Build | Archery Range |
| 23:22 | Build | Archery Range |
| 23:23 | Build | Archery Range |
| 23:24 | Build | Archery Range |
| 23:25 | Build | Archery Range |
| 23:27 | Build | Archery Range |
| 23:28 | Build | Archery Range |
| 23:30 | Build | Archery Range |
| 24:29 | Create | Archer ×5 |
| 24:29 | Create | Archer ×5 |
| 24:34 | Research | Elite Skirmisher (upgrade) |
| 24:35 | Research | Heavy Cavalry Archer (upgrade) |
| 24:40 | Create | Knight ×5 |
| 24:41 | Create | Knight ×5 |
| 24:41 | Create | Knight ×5 |
| 24:41 | Create | Knight ×5 |
| 24:42 | Create | Knight ×5 |
| 24:42 | Create | Knight ×5 |
| 25:31 | Research | Bombard Tower (upgrade) |
Build order — Stoffel
45 actions detected in the replay
| 7:59 | Build | Archery Range |
| 8:06 | Build | Barracks |
| 10:20 | Build | Stable |
| 10:21 | Build | Stable |
| 10:23 | Build | Stable |
| 13:23 | Research | Bloodlines |
| 13:35 | Build | Stable |
| 13:37 | Build | Stable |
| 13:38 | Build | Stable |
| 13:39 | Build | Stable |
| 17:24 | Research | Arson |
| 17:29 | Research | Chain Mail Armor |
| 17:30 | Research | Bodkin Arrow |
| 17:31 | Research | Leather Archer Armor |
| 17:31 | Research | Chain Barding Armor |
| 17:33 | Research | Ballistics |
| 17:34 | Research | Treadmill Crane |
| 17:35 | Research | Guard Tower (upgrade) |
| 17:36 | Research | Careening |
| 17:37 | Research | Tech 908 |
| 17:47 | Research | Szlachta Privileges |
| 17:52 | Research | Husbandry |
| 19:33 | Research | Light Cavalry (upgrade) |
| 22:00 | Create | Scout Cavalry ×5 |
| 22:00 | Create | Scout Cavalry ×5 |
| 22:00 | Create | Scout Cavalry ×5 |
| 22:01 | Create | Scout Cavalry ×5 |
| 22:01 | Create | Scout Cavalry ×5 |
| 22:01 | Create | Scout Cavalry ×5 |
| 22:02 | Create | Scout Cavalry ×5 |
| 22:02 | Create | Scout Cavalry ×5 |
| 22:02 | Create | Scout Cavalry ×5 |
| 22:03 | Create | Scout Cavalry ×5 |
| 22:03 | Create | Scout Cavalry ×5 |
| 22:03 | Create | Scout Cavalry ×5 |
| 22:03 | Create | Scout Cavalry ×5 |
| 22:04 | Create | Scout Cavalry ×5 |
| 22:04 | Create | Scout Cavalry ×5 |
| 22:04 | Create | Scout Cavalry ×5 |
| 22:05 | Create | Scout Cavalry ×5 |
| 22:05 | Create | Scout Cavalry ×5 |
| 22:05 | Create | Scout Cavalry ×5 |
| 25:49 | Research | Elite Skirmisher (upgrade) |
| 25:49 | Research | Crossbowman (upgrade) |
| 25:50 | Research | Thumb Ring |
Build order — SuperTed
138 actions detected in the replay
| 9:51 | Build | Barracks |
| 9:55 | Build | Barracks |
| 9:57 | Build | Barracks |
| 9:59 | Build | Barracks |
| 10:05 | Build | Stable |
| 10:06 | Build | Stable |
| 10:09 | Build | Stable |
| 10:10 | Build | Stable |
| 11:23 | Research | Long Swordsman (upgrade) |
| 11:24 | Research | Pikeman (upgrade) |
| 11:28 | Research | Chain Mail Armor |
| 11:29 | Research | Iron Casting |
| 11:29 | Research | Bodkin Arrow |
| 11:30 | Research | Leather Archer Armor |
| 11:31 | Research | Chain Barding Armor |
| 11:34 | Research | Ballistics |
| 11:35 | Research | Careening |
| 11:43 | Build | Stable |
| 11:44 | Build | Stable |
| 11:46 | Build | Stable |
| 11:47 | Build | Stable |
| 13:10 | Research | Bloodlines |
| 13:10 | Research | Husbandry |
| 13:12 | Create | Knight ×5 |
| 13:12 | Create | Knight ×5 |
| 13:12 | Create | Knight ×5 |
| 13:13 | Create | Knight ×3 |
| 13:47 | Create | Knight ×5 |
| 13:47 | Create | Knight ×5 |
| 13:48 | Create | Knight ×5 |
| 13:48 | Create | Knight ×5 |
| 14:23 | Create | Knight ×2 |
| 14:24 | Create | Knight ×2 |
| 15:11 | Create | Knight ×5 |
| 15:12 | Create | Knight ×5 |
| 15:12 | Create | Knight ×5 |
| 15:12 | Create | Knight ×5 |
| 15:13 | Create | Knight ×5 |
| 15:13 | Create | Knight ×5 |
| 15:13 | Create | Knight ×3 |
| 15:14 | Create | Knight ×3 |
| 15:36 | Create | Knight |
| 15:36 | Create | Knight |
| 15:48 | Build | Stable |
| 15:49 | Build | Stable |
| 15:53 | Build | Stable |
| 15:54 | Build | Stable |
| 16:57 | Create | Knight ×5 |
| 16:57 | Create | Knight ×5 |
| 16:57 | Create | Knight ×5 |
| 16:58 | Create | Knight ×5 |
| 16:58 | Create | Knight ×5 |
| 16:59 | Create | Knight ×5 |
| 16:59 | Create | Knight ×5 |
| 16:59 | Create | Knight ×5 |
| 17:30 | Create | Knight ×5 |
| 17:31 | Create | Knight ×5 |
| 17:31 | Create | Knight ×5 |
| 17:31 | Create | Knight ×5 |
| 17:32 | Create | Knight ×3 |
| 17:32 | Create | Knight ×3 |
| 18:56 | Create | Knight ×5 |
| 18:57 | Create | Knight ×5 |
| 18:57 | Create | Knight ×5 |
| 18:57 | Create | Knight ×5 |
| 18:58 | Create | Knight ×5 |
| 18:58 | Create | Knight ×5 |
| 18:58 | Create | Knight ×5 |
| 18:59 | Create | Knight ×5 |
| 18:59 | Create | Knight ×5 |
| 18:59 | Create | Knight ×5 |
| 19:00 | Create | Knight ×5 |
| 19:00 | Create | Knight ×5 |
| 19:00 | Create | Knight ×5 |
| 19:01 | Create | Knight ×5 |
| 19:54 | Create | Knight ×5 |
| 19:54 | Create | Knight ×5 |
| 19:55 | Create | Knight ×5 |
| 19:55 | Create | Knight ×5 |
| 19:55 | Create | Knight ×5 |
| 19:56 | Create | Knight ×5 |
| 19:56 | Create | Knight ×5 |
| 19:56 | Create | Knight ×5 |
| 19:57 | Create | Knight ×5 |
| 19:57 | Create | Knight ×5 |
| 19:57 | Create | Knight ×3 |
| 20:17 | Research | Two-Handed Swordsman (upgrade) |
| 20:18 | Research | Halberdier (upgrade) |
| 20:20 | Research | Conscription |
| 20:21 | Research | Spies/Treason |
| 20:22 | Research | Perfusion |
| 20:23 | Research | Tech 1181 |
| 20:27 | Research | Cavalier (upgrade) |
| 20:41 | Build | Barracks |
| 21:30 | Create | Elite Huskarl ×5 |
| 21:30 | Create | Elite Huskarl ×5 |
| 21:30 | Create | Elite Huskarl ×5 |
| 21:31 | Create | Elite Huskarl ×5 |
| 21:31 | Create | Elite Huskarl ×5 |
| 21:32 | Create | Elite Huskarl ×5 |
| 21:32 | Create | Elite Huskarl ×5 |
| 21:32 | Create | Elite Huskarl ×5 |
| 21:33 | Create | Elite Huskarl ×5 |
| 21:33 | Create | Elite Huskarl ×5 |
| 21:33 | Create | Elite Huskarl ×5 |
| 21:34 | Create | Elite Huskarl ×5 |
| 21:34 | Create | Elite Huskarl ×5 |
| 21:34 | Create | Elite Huskarl ×5 |
| 21:35 | Create | Elite Huskarl ×5 |
| 21:35 | Create | Elite Huskarl ×5 |
| 21:35 | Create | Elite Huskarl ×4 |
| 22:08 | Research | Blast Furnace |
| 22:08 | Research | Bracer |
| 22:09 | Research | Ring Archer Armor |
| 22:12 | Research | Chemistry |
| 23:00 | Build | Barracks |
| 23:00 | Build | Barracks |
| 23:01 | Build | Barracks |
| 23:02 | Build | Barracks |
| 23:09 | Create | Elite Huskarl ×5 |
| 23:09 | Create | Elite Huskarl ×5 |
| 23:09 | Create | Elite Huskarl ×5 |
| 23:10 | Create | Elite Huskarl ×5 |
| 23:10 | Create | Elite Huskarl ×5 |
| 23:10 | Create | Elite Huskarl ×5 |
| 23:11 | Create | Elite Huskarl ×5 |
| 23:11 | Create | Elite Huskarl ×5 |
| 23:12 | Create | Elite Huskarl ×5 |
| 23:12 | Create | Elite Huskarl ×5 |
| 23:12 | Create | Elite Huskarl ×5 |
| 23:13 | Create | Elite Huskarl ×5 |
| 23:13 | Create | Elite Huskarl ×5 |
| 23:13 | Create | Elite Huskarl ×5 |
| 23:14 | Create | Elite Huskarl ×5 |
| 23:14 | Create | Elite Huskarl ×5 |
| 23:14 | Create | Elite Huskarl ×5 |
| 23:55 | Research | Light Cavalry (upgrade) |
| 23:56 | Research | Light Cavalry (upgrade) |
Build order — jxst_flxsh38
0 actions detected in the replay
Build order — aqif
First 150 of 580 actions detected
| 6:19 | Research | Iron Casting |
| 6:20 | Research | Chain Mail Armor |
| 6:20 | Research | Chain Mail Armor |
| 6:21 | Research | Chain Barding Armor |
| 6:22 | Research | Chain Barding Armor |
| 6:23 | Research | Bodkin Arrow |
| 6:23 | Research | Bodkin Arrow |
| 6:26 | Research | Ballistics |
| 6:27 | Research | Ballistics |
| 6:27 | Research | Guard Tower (upgrade) |
| 6:27 | Research | Guard Tower (upgrade) |
| 6:28 | Research | Treadmill Crane |
| 9:53 | Build | Stable |
| 9:54 | Build | Stable |
| 10:47 | Build | Stable |
| 10:50 | Build | Stable |
| 10:53 | Build | Stable |
| 10:54 | Build | Stable |
| 10:57 | Build | Archery Range |
| 10:59 | Build | Archery Range |
| 11:01 | Create | Knight |
| 11:02 | Create | Knight |
| 11:02 | Create | Knight |
| 11:02 | Create | Knight |
| 11:03 | Create | Knight |
| 11:03 | Create | Knight |
| 11:03 | Create | Knight |
| 11:04 | Create | Knight |
| 11:04 | Create | Knight |
| 11:04 | Create | Knight |
| 11:05 | Create | Knight |
| 11:05 | Create | Knight |
| 11:05 | Create | Knight |
| 11:05 | Create | Knight |
| 11:06 | Create | Knight |
| 11:06 | Create | Knight |
| 13:01 | Create | Knight |
| 13:01 | Create | Knight |
| 13:01 | Create | Knight |
| 13:02 | Create | Knight |
| 13:02 | Create | Knight |
| 13:02 | Create | Knight |
| 13:03 | Create | Knight |
| 13:03 | Create | Knight |
| 13:03 | Create | Knight |
| 13:04 | Create | Knight |
| 13:04 | Create | Knight |
| 13:04 | Create | Knight |
| 13:04 | Create | Knight |
| 13:05 | Create | Knight |
| 13:05 | Create | Knight |
| 13:05 | Create | Knight |
| 13:06 | Create | Knight |
| 13:06 | Create | Knight |
| 13:06 | Create | Knight |
| 13:07 | Create | Knight |
| 13:07 | Create | Knight |
| 13:07 | Create | Knight |
| 13:08 | Create | Knight |
| 13:08 | Create | Knight |
| 13:08 | Create | Knight |
| 13:09 | Create | Knight |
| 13:09 | Create | Knight |
| 13:09 | Create | Knight |
| 13:10 | Create | Knight |
| 13:10 | Create | Knight |
| 13:10 | Create | Knight |
| 13:10 | Create | Knight |
| 13:16 | Create | Knight |
| 13:16 | Create | Knight |
| 13:16 | Create | Knight |
| 13:17 | Create | Knight |
| 13:17 | Create | Knight |
| 13:17 | Create | Knight |
| 13:18 | Create | Knight |
| 13:18 | Create | Knight |
| 13:18 | Create | Knight |
| 13:19 | Create | Knight |
| 13:19 | Create | Knight |
| 13:19 | Create | Knight |
| 13:20 | Create | Knight |
| 13:20 | Create | Knight |
| 13:20 | Create | Knight |
| 13:20 | Create | Knight |
| 13:21 | Create | Knight |
| 13:21 | Create | Knight |
| 13:21 | Create | Knight |
| 13:22 | Create | Knight |
| 13:22 | Create | Knight |
| 13:22 | Create | Knight |
| 13:23 | Create | Knight |
| 13:23 | Create | Knight |
| 13:25 | Build | Stable |
| 13:27 | Build | Stable |
| 13:30 | Create | Knight |
| 13:30 | Create | Knight |
| 13:30 | Create | Knight |
| 13:31 | Create | Knight |
| 13:31 | Create | Knight |
| 13:31 | Create | Knight |
| 13:32 | Create | Knight |
| 13:32 | Create | Knight |
| 13:32 | Create | Knight |
| 13:33 | Create | Knight |
| 13:33 | Create | Knight |
| 13:33 | Create | Knight |
| 14:48 | Build | Archery Range |
| 14:50 | Build | Stable |
| 14:53 | Build | Stable |
| 15:52 | Create | Knight |
| 15:53 | Create | Knight |
| 15:53 | Create | Knight |
| 15:53 | Create | Knight |
| 15:54 | Create | Knight |
| 15:54 | Create | Knight |
| 15:54 | Create | Knight |
| 15:55 | Create | Knight |
| 15:55 | Create | Knight |
| 15:55 | Create | Knight |
| 15:56 | Create | Knight |
| 15:56 | Create | Knight |
| 15:56 | Create | Knight |
| 15:57 | Create | Knight |
| 15:57 | Create | Knight |
| 15:57 | Create | Knight |
| 15:58 | Create | Knight |
| 17:04 | Create | Knight |
| 17:04 | Create | Knight |
| 17:05 | Create | Knight |
| 17:05 | Create | Knight |
| 17:05 | Create | Knight |
| 17:06 | Create | Knight |
| 17:06 | Create | Knight |
| 17:06 | Create | Knight |
| 17:07 | Create | Knight |
| 17:07 | Create | Knight |
| 17:07 | Create | Knight |
| 17:08 | Create | Knight |
| 17:08 | Create | Knight |
| 17:14 | Build | Stable |
| 17:23 | Build | Stable |
| 17:26 | Build | Archery Range |
| 17:30 | Research | Crossbowman (upgrade) |
| 17:31 | Research | Crossbowman (upgrade) |
| 17:36 | Create | Genitour |
| 17:37 | Create | Genitour |
| 17:37 | Create | Genitour |
| 17:37 | Create | Genitour |
| 17:38 | Create | Genitour |
| 17:38 | Create | Genitour |
Build order — OvalDevotee116
0 actions detected in the replay
Match timeline
| 5:25 | yersonrodriguezcdrn · first_building Stable |
| 5:48 | yersonrodriguezcdrn · first_building Archery Range |
| 5:57 | yersonrodriguezcdrn · wall_segment Stone Wall x1 |
| 5:58 | yersonrodriguezcdrn · wall_segment Stone Wall x1 |
| 5:59 | yersonrodriguezcdrn · wall_segment Stone Wall x1 |
| 6:01 | yersonrodriguezcdrn · wall_segment Stone Wall x1 |
| 6:02 | yersonrodriguezcdrn · wall_segment Stone Wall x1 |
| 6:03 | yersonrodriguezcdrn · wall_segment Stone Wall x1 |
| 6:04 | yersonrodriguezcdrn · wall_segment Stone Wall x1 |
| 6:05 | yersonrodriguezcdrn · wall_segment Stone Wall x1 |
| 6:07 | yersonrodriguezcdrn · wall_segment Stone Wall x1 |
| 7:59 | Stoffel · first_building Archery Range |
| 8:06 | Stoffel · first_building Barracks |
| 9:51 | SuperTed · first_building Barracks |
| 9:53 | aqif · first_building Stable |
| 10:05 | SuperTed · first_building Stable |
| 10:14 | SUP3R13EA5T · first_building Stable |
| 10:20 | Stoffel · first_building Stable |
| 10:44 | SUP3R13EA5T · first_building Archery Range |
| 10:51 | SUP3R13EA5T · first_building Barracks |
| 10:57 | aqif · first_building Archery Range |
| 20:57 | OvalDevotee116 · resign |
[ AI ANALYSIS · 1 CREDIT ]
What really happened in this match?
Wolo.gg analyzes every decision: build order, eco, micro, common mistakes by bracket. Personalized analysis on WhatsApp or Discord in 30 seconds.
Civ guide
Spanish
Map guide
CBA_=REQUIEM=_V292 (Scenario)
Perfil
Manu